 Dungeon Crawl Stone Soup version 0.27-a0-1308-gc08437e49b (webtiles) character file.

Game seed: 11962002017161903915

7113 epicjoe the Cleaver (level 10, -17/127 (132) HPs)
             Began as a Minotaur Berserker on June 16, 2021.
             Was an Elder of Trog.
             Demolished by an orc knight (20 damage)
             ... on level 9 of the Dungeon on June 18, 2021.
             The game lasted 01:39:57 (13868 turns).

epicjoe the Cleaver (Minotaur Berserker)           Turns: 13868, Time: 01:39:58

HP:   -17/127 (132) AC: 20    Str: 25    XL:     10   Next: 85%
MP:   3/3           EV:  9    Int:  4    God:    Trog [****..]
Gold: 390           SH:  0    Dex: 10    Spells: 9/9 levels left

rFire    . . .     SeeInvis .   x - +3 battleaxe (antimagic)
rCold    . . .     Faith    .   (shield currently unavailable)
rNeg     . . .     Spirit   .   L - +0 plate armour
rPois    .         Reflect  .   (helmet restricted)
rElec    .         Harm     .   H - +2 cloak
rCorr    .         Rampage  .   G - +1 pair of gloves
Will     ++...                  (no boots)
Stlth    ..........             (no amulet)
HPRegen  1.31/turn              m - +4 ring of slaying
MPRegen  0.08/turn              (no ring)

@: berserking, strong-willed, regenerating, lightly drained, very quick
A: horns 2, retaliatory headbutt
a: Renounce Religion, Berserk, Trog's Hand, Brothers in Arms


You were on level 9 of the Dungeon.
You worshipped Trog.
Trog was greatly pleased with you.
You visited 3 branches of the dungeon, and saw 11 of its levels.

You collected 646 gold pieces.
You spent 256 gold pieces at shops.

Inventory:

Hand Weapons
 s - a +0 shortbow of freezing
 x - a +3 antimagic battleaxe (weapon)
 N - a +1 spear of flaming
 Q - a +3 flail of protection
 R - a +1 hand axe of freezing
Missiles
 e - 52 bolts
 g - 67 sling bullets
 h - 14 boomerangs (quivered)
 n - 209 arrows
 t - 74 poisoned darts
 z - 4 atropa-tipped darts
 A - 6 throwing nets
Armour
 w - a +0 helmet
 F - the +0 buckler "Redonou" {Fly Int+4 Dex-5 SInv}
   (You found it on level 4 of the Dungeon)

   It affects your intelligence (+4).
   It affects your dexterity (-5).
   It lets you see invisible.
   It grants you flight.
 G - a +1 pair of gloves (worn)
 H - a +2 cloak (worn)
 L - a +0 plate armour (worn)
Jewellery
 m - a +4 ring of slaying (left hand)
 O - a +4 ring of evasion
Wands
 j - a wand of flame (23)
 K - a wand of iceblast (7)
 P - a wand of digging (5)
Scrolls
 b - a scroll of silence {unknown}
 c - 4 scrolls of fog
 k - 2 scrolls of noise {unknown}
 o - 2 scrolls of fear {unknown}
 q - a scroll of brand weapon {unknown}
 r - 4 scrolls of identify
 u - 3 scrolls of enchant armour {unknown}
 v - 2 scrolls of magic mapping {unknown}
 y - a scroll of blinking {unknown}
 B - 3 scrolls of vulnerability {unknown}
 C - a scroll of enchant weapon {unknown}
Potions
 d - a potion of cancellation
 f - a potion of might
 i - 2 potions of flight
 l - a potion of haste
 D - a potion of degeneration {unknown}
 E - a potion of curing {unknown}
 I - a potion of mutation {unknown}
 J - 2 potions of heal wounds {unknown}
 M - 3 potions of lignification


   Skills:
 + Level 8.0 Fighting
 + Level 11.7 Axes
 + Level 1.6(7.7) Maces & Flails
 + Level 6.9 Throwing
 + Level 10.9 Armour
 + Level 5.1 Dodging
 + Level 0.7 Stealth
 + Level 0.2 Shields
 + Level 1.0 Evocations


You had 9 spell levels left.
You didn't know any spells.
Your spell library was empty.

Dungeon Overview and Level Annotations

Branches:
Dungeon (9/15)             Temple (1/1) D:7             Orc (1/2) D:9
   Lair: D:8-11

Altars:
Ashenzari
Cheibriados
Dithmenos
Fedhas
Gozag
Hepliaklqana
Kikubaaqudgha
Nemelex Xobeh
Okawaru
Qazlal
Ru
Uskayaw
Vehumet
Wu Jian
Xom
Yredelemnul
Zin
The Shining One
Lugonu

Shops:
D:1 [*(:(   D:7 ??(*   Orc:1 *

Annotations:
D:7 2 transporters


Innate Abilities, Weirdness & Mutations

You have a pair of horns on your head.
You reflexively headbutt those who attack you in melee.


Message History

You headbutt the orc knight, but do no damage.
The orc knight is heavily wounded.
The orc knight hits you with a +0 great mace!
You barely miss the orc knight.
The orc knight is heavily wounded.
You hit the orc. The orc closely misses you.
The orc knight hits you with a +0 great mace.
The orc barely misses you. You furiously retaliate!
You headbutt the orc!
You kill the orc!
Trog accepts your kill.
The orc sorcerer hits you with a +0 dagger.
The orc knight hits you with a +0 great mace!
Items here: $ ) [ †.
You slash the orc knight! Your headbutt misses the orc knight.
The orc knight is severely wounded.
You slice the orc sorcerer!!
The orc sorcerer's magic leaks into the air.
The orc sorcerer closely misses you.
The orc knight hits you but does no damage.
The orc sorcerer falters for a moment.
The orc sorcerer points at you and mumbles some strange words.
The bolt of negative energy hits you!
You feel drained.
* * * LOW HITPOINT WARNING * * *
The orc sorcerer no longer looks unusually strong.
The orc knight hits you but does no damage.
The orc no longer looks unusually strong.
Items here: ))) [ ÷.
There is a staircase back to the Dungeon, spattered with blood here.
The orc knight hits you with a +0 great mace!
* * * LOW HITPOINT WARNING * * *
You climb upwards.
Welcome back to the Dungeon!
There is a staircase to the Orcish Mines here.
Your skin crawls.
You feel strong-willed.
The orc knight hits you with a +0 great mace!
* * * LOW HITPOINT WARNING * * *
A red film seems to cover your vision as you go berserk!
You feel yourself moving faster!
You feel mighty!
The orc knight hits you with a +0 great mace!!
You die...

..##..##'##.# #.# #..# #.#
..###.#.....# #.#
#..#######.# ###
#.......####.### #..........#
##...#####.....##############
#...#......8......#########
###..#.............#.......##
#...>#.............#.......'.
#..........)...............##
#.....8....o@.....8........#
#...................########
#....#.............##
#....#.............#
#....#......8......#
##########.....#####
##.......# #.......#
#########


You could see an orc knight.

Vanquished Creatures
  Erolcha (D:9)
  A two-headed ogre (D:9)
  The ghost of ClockworkOrrery the Skirmisher, a novice OpMo (D:7)
  A troll (D:9)
  Sigmund (D:4)
  A wraith (D:9)
  A wyvern (D:7)
  A steam dragon (D:8)
  A two-headed ogre zombie (D:9)
  An acid dragon (D:6)
  2 water moccasins
  Duvessa (D:6)
  6 orc warriors
  A necrophage (D:4)
  A sky beast (D:8)
  3 ogres (Orc:1)
  2 phantoms (D:9)
  6 centaurs
  2 kobold brigands (D:6)
  3 scorpions
  3 bullfrogs
  A gnoll sergeant (D:8)
  Dowan (D:6)
  A water moccasin zombie (D:6)
  A water moccasin skeleton (D:6)
  A troll zombie (D:9)
  A howler monkey (D:9)
  2 centaur zombies
  A bullfrog zombie (D:7)
  A jelly (D:6)
  6 hounds
  4 orc priests
  A bullfrog skeleton (D:6)
  5 iguanas
  8 orc wizards
  2 killer bee zombies
  6 ogre zombies (D:9)
  8 gnolls
  5 adders
  2 shadow imps
  An ufetubus (D:5)
  A worm (D:2)
  A dart slug (D:1)
  17 orcs
  9 endoplasms
  4 giant cockroaches
  4 goblins
  13 hobgoblins
  3 jackals (D:2)
  5 quokkas
  7 ball pythons
  10 bats
  5 frilled lizards
  2 goblin zombies (D:9)
  4 hobgoblin zombies (D:9)
  14 kobolds
  4 orc skeletons (D:9)
  14 orc zombies (D:9)
  7 rats
  5 bushes (D:6)
227 creatures vanquished.

Vanquished Creatures (others)
  8 plants (D:6)
  2 withered plants (D:7)
10 creatures vanquished.

Grand Total: 237 creatures vanquished

Notes
Turn   | Place    | Note
-------+----------+-------------------------------------------
     0 | D:1      | epicjoe the Minotaur Berserker began the quest for the Orb.
     0 | D:1      | Reached XP level 1. HP: 19/19 MP: 0/0
    73 | D:1      | Found Vajet's Assorted Antiques.
   114 | D:1      | Found Okiuhizi's Antique Weapon Shoppe.
   156 | D:1      | Found Igroiru's Weapon Emporium.
   158 | D:1      | Reached XP level 2. HP: 23/27 MP: 1/1
   158 | D:1      | Found Ciozero's Book Shoppe.
   165 | D:1      | Reached skill level 4 in Axes
   276 | D:1      | Found a faded altar of an unknown god.
   418 | D:1      | Reached ** piety under Trog
   475 | D:2      | Reached XP level 3. HP: 25/33 MP: 2/2
   702 | D:1      | Found Gaer's Antique Armour Shop.
  1432 | D:2      | Reached XP level 4. HP: 33/41 MP: 3/3
  2123 | D:3      | Reached *** piety under Trog
  2251 | D:4      | Noticed a necrophage
  2257 | D:4      | Killed a necrophage
  2258 | D:4      | Reached skill level 5 in Axes
  2258 | D:4      | Reached skill level 1 in Throwing
  2258 | D:4      | Reached XP level 5. HP: 43/47 MP: 4/4
  2339 | D:4      | Noticed Sigmund
  2349 | D:4      | Killed Sigmund
  2350 | D:4      | Reached XP level 6. HP: 49/53 MP: 5/5
  2784 | D:4      | Reached skill level 6 in Axes
  3075 | D:4      | You fall into a shaft and drop 3 floors!
  3075 | D:7      | Found Ymnag's Antique Weapon Shoppe.
  3100 | D:7      | Found Suemen's Assorted Antiques.
  3124 | D:7      | Reached XP level 7. HP: 60/60 MP: 6/6
  3139 | D:7      | Found a staircase to the Ecumenical Temple.
  3141 | D:7      | Found a transporter.
  3142 | D:7      | Found a corrupted altar of Lugonu.
  3156 | D:7      | Found Onar's Magic Scroll Shop.
  3158 | Temple   | Entered the Ecumenical Temple
  3313 | D:7      | Noticed a wyvern
  3326 | D:7      | Killed a wyvern
  3327 | D:7      | Reached skill level 5 in Fighting
  3327 | D:7      | Reached skill level 5 in Armour
  3593 | D:7      | Noticed a small abomination
  3594 | D:7      | Noticed a large abomination
  3875 | D:6      | Reached skill level 7 in Axes
  4023 | D:6      | Reached XP level 8. HP: 68/68 MP: 7/7
  4149 | D:6      | Noticed Duvessa
  4149 | D:6      | Noticed Dowan
  4154 | D:6      | Killed Duvessa
  4158 | D:6      | Killed Dowan
  4225 | D:5      | Entered Level 5 of the Dungeon
  4600 | D:4      | Upgraded the game from 0.27-a0-1299-g1ab19c6527 to
                  | 0.27-a0-1301-g128193abf8
  4804 | D:4      | Identified the +0 buckler "Redonou" {Fly Int+4 Dex-5 SInv}
  4964 | D:4      | Found an ornate altar of the Wu Jian Council.
  6260 | D:5      | Reached skill level 8 in Axes
  7335 | D:6      | Found an iron altar of Okawaru.
  7624 | D:6      | Reached XP level 9. HP: 67/75 MP: 8/8
  8118 | D:6      | Upgraded the game from 0.27-a0-1301-g128193abf8 to
                  | 0.27-a0-1308-gc08437e49b
  8492 | D:7      | Found a transporter.
  8495 | D:7      | Found Zoiq's Distillery.
  8497 | D:7      | Noticed a brown ugly thing
  8898 | D:7      | Found a runed translucent door.
  8900 | D:7      | Noticed ClockworkOrrery's ghost (novice OpMo)
  8991 | D:7      | Killed ClockworkOrrery's ghost
  8992 | D:7      | Reached skill level 1 in Maces & Flails
  8992 | D:7      | Reached skill level 5 in Throwing
  8992 | D:7      | Reached skill level 5 in Dodging
  9064 | D:7      | Found Fustufi's Magic Scroll Shoppe.
  9499 | D:7      | Noticed a cyan ugly thing
  9796 | D:1      | Bought a glowing battleaxe for 256 gold pieces
 10083 | D:8      | Reached skill level 9 in Axes
 10564 | D:8      | Reached skill level 1 in Evocations
 10720 | D:8      | Found a stormy altar of Qazlal.
 10793 | D:8      | Found a basalt altar of Yredelemnul.
 10799 | D:8      | Found a shadowy altar of Dithmenos.
 10816 | D:8      | Found a hazy altar of Hepliaklqana.
 10824 | D:8      | Found a shimmering altar of Xom.
 11691 | D:9      | Reached skill level 10 in Armour
 11842 | D:9      | Found a staircase to the Orcish Mines.
 12538 | D:9      | Reached **** piety under Trog
 12566 | D:9      | Reached XP level 10. HP: 84/84 MP: 3/9
 12632 | D:9      | Noticed a two-headed ogre
 12639 | D:9      | Killed a two-headed ogre
 12640 | D:9      | Reached skill level 10 in Axes
 13028 | D:9      | Noticed Erolcha
 13037 | D:9      | Killed Erolcha
 13038 | D:9      | Reached skill level 11 in Axes
 13576 | Orc:1    | Entered Level 1 of the Orcish Mines
 13782 | Orc:1    | Found Roskoigeotz's Retail Resort.
 13794 | Orc:1    | Noticed an orc sorcerer
 13849 | Orc:1    | Noticed an orc knight
 13867 | D:9      | HP: 1/85 [orc knight (10)]
 13868 | D:9      | Demolished by an orc knight

Illustrated notes

Levels and vault maps discovered:
D:1:      lordsloth_arrival_two_stooges, layout_basic, serial_shops,
          nicolae_shop_statue_plus, shop_statue, nicolae_shop_stone,
          nicolae_shop_behind_doors, shop, hellmonk_ecumenical_altar_blasted,
          minmay_tetromino_s2
D:2:      layout_basic, minmay_bisected
D:3:      layout_basic
D:4:      layout_loops_corners, lemuel_coloured_pillars_altar,
          nicolae_ossuary_entry_ruins, minmay_misc_feat_room,
          minmay_starry_boxes, uniq_sigmund
D:5:      layout_basic, kennysheep_generic_room_11
D:6:      layout_basic, okawaru_metal_pillars_1_2, lexackson_kobold_supper,
          uniq_duvessa
D:7:      gammafunk_corrupted_shrine, layout_basic, minmay_temple_entry_glass,
          gammafunk_ghost_grave, serial_shops, shop, shop_fountains, shop, shop,
          nicolae_diamond_shop, hangedman_decor_points
D:8:      layout_basic, minmay_overflow_temple_star_hex
D:9:      layout_basic, zombieorc2_lemuel, uniq_erolcha
Temple:   regret_index_temple_generic_petals
Orc:1:    layout_diamond_mine, portal_ice_cave_entry_ice_beasts,
          nicolae_alphabet_shops

Skill      XL: |  1  2  3  4  5  6  7  8  9 10 |
---------------+-------------------------------+-----
Axes           | 4 5 6 7 8 9 11 | 11.7
Fighting       | 4 5 6 8 |  8.0
Dodging        | 3 4 5 |  5.1
Armour         | 3 4 5 7 10 | 10.9
Throwing       | 1 2 3 4 5 6 |  6.9
Maces & Flails | 1 |  1.6
Evocations     | 1 |  1.0
Stealth        | |  0.7
Shields        | |  0.2

Action                   |  1- 3 |  4- 6 |  7- 9 | 10-12 || total
-------------------------+-------+-------+-------+-------++-------
Melee: Hand axe          |    94 |    63 |   286 |       ||   443
       Headbutt          |    13 |    10 |    69 |    10 ||   102
       Battleaxe         |       |       |    47 |    64 ||   111
       Whip              |       |       |     5 |       ||     5
Throw: Boomerang         |       |    24 |    99 |    20 ||   143
       Dart              |       |       |    14 |       ||    14
Invok: Berserk           |     1 |       |     2 |     4 ||     7
       Trog's Hand       |       |     1 |     1 |     2 ||     4
Evoke: Wand              |       |       |     6 |       ||     6
  Use: Potion            |       |     3 |     2 |       ||     5
       Scroll            |       |     1 |     1 |       ||     2
Armor: Ring mail         |    37 |     2 |       |       ||    39
       Scale mail        |       |    15 |       |       ||    15
       Skin              |       |     5 |       |       ||     5
       Chain mail        |       |     3 |   120 |       ||   123
       Plate armour      |       |       |    28 |    43 ||    71
Dodge: Dodged            |    81 |    27 |    88 |    36 ||   232
Block: Buckler           |       |       |     4 |       ||     4

Table legend: (Time is in decaauts)
 A = Elapsed time spent in this place.
 B = Non-inter-level travel time spent in this place.
 C = Inter-level travel time spent in this place.
 D = Time resting spent in this place.
 E = Time spent auto-exploring this place.
 F = Levels seen in this place.
 G = Mean time per level.
                   A        B        C        D        E       F      G
               +--------+--------+--------+--------+--------+-----+--------+
         Total |  13976 |   5410 |   8566 |   2481 |   1155 |  11 | 1270.5 |
       Dungeon |  13580 |   5212 |   8368 |   2348 |   1155 |   9 | 1508.9 |
        Temple |    126 |      2 |    124 |      0 |      0 |   1 |  126.0 |
  Orcish Mines |    269 |    195 |     74 |    133 |      0 |   1 |  269.0 |
               +--------+--------+--------+--------+--------+-----+--------+

Top non-repeatable levels by time:
     D:5: 2064 daAuts
     D:6: 1892 daAuts
     D:4: 1862 daAuts
     D:8: 1862 daAuts
     D:7: 1782 daAuts
     D:9: 1606 daAuts
     D:1: 1190 daAuts
     D:2: 768 daAuts
     D:3: 550 daAuts
   Orc:1: 269 daAuts
  Temple: 126 daAuts
